 Dungeon Crawl Stone Soup version 0.29-a0-330-g52719c12eb (webtiles) character file.

Game seed: 11603402878211722966

1373 Argons the Grappler (level 8, -6/61 HPs)
             Began as a Ghoul Fire Elementalist on May 1, 2022.
             Was an Initiate of Makhleb.
             Mangled by a killer bee (9 damage)
             ... on level 6 of the Dungeon.
             The game lasted 00:32:49 (8494 turns).

Argons the Grappler (Ghoul Fire Elementalist)       Turns: 8494, Time: 00:32:50

Health: -6/61      AC:  3    Str: 14    XL:     8   Next: 66%
Magic:  0/9        EV: 12    Int: 10    God:    Makhleb [......]
Gold:   59         SH:  0    Dex:  9    Spells: 7/10 levels left

rFire   . . .      SeeInvis .     - Unarmed
rCold   + . .      Faith    .   (no shield)
rNeg    + + +      Spirit   .   a - +0 robe
rPois   ∞          Reflect  .   w - +0 helmet
rElec   .          Harm     .   (no cloak)
rCorr   .          Rampage  .   (no gloves)
Will    .....                   (no boots)
Stlth   ++........              (no amulet)
HPRegen 0.00/turn               (no ring)
MPRegen 0.11/turn               (no ring)

@: very slightly contaminated, inhibited regen, hasted, very quick
A: claws 1, cold resistance 1, negative energy resistance 3, inhibited
regeneration, torment resistance 2, devour on kill
a: Renounce Religion


You were on level 6 of the Dungeon.
You worshipped Makhleb.
Makhleb was noncommittal.
You visited 2 branches of the dungeon, and saw 8 of its levels.

You collected 262 gold pieces.
You spent 203 gold pieces at shops.

Inventory:

Hand Weapons
 q - the +4 dagger "Morg" {pain, Will+ Int+5}
   (You found it on level 4 of the Dungeon)

   In the hands of one skilled in necromantic magic, it inflicts extra damage on
   living creatures.
   Int:       It affects your intelligence (+5).
   Will:      It increases your willpower.
Missiles
 e - 2 boomerangs
 n - 4 poisoned darts (quivered)
Armour
 a - a +0 robe (worn)
 d - the +2 robe "Gostoca" {Harm Will+ rCorr}
   (You found it on level 5 of the Dungeon)

   rCorr:     It protects you from acid and corrosion.
   Harm:      It increases damage dealt and taken.
   Will:      It increases your willpower.
 r - a +2 chain mail of fire resistance
 w - a +0 helmet (worn)
Jewellery
 k - an amulet of the acrobat
Wands
 i - a wand of flame (29)
 u - a wand of iceblast (7)
 x - a wand of paralysis (3)
Scrolls
 f - a scroll of summoning
 h - 2 scrolls of enchant weapon
 j - 3 scrolls of teleportation
 m - 2 scrolls of magic mapping
 p - a scroll of fear
 t - a scroll of silence
 v - a scroll of enchant armour
Potions
 b - 3 potions of magic
 c - 2 potions of might
 g - 3 potions of haste
 l - a potion of resistance
 o - a potion of attraction
 s - a potion of brilliance
 z - a potion of curing {unknown}


   Skills:
 + Level 2.2 Fighting
 - Level 1.7 Dodging
 - Level 2.1 Stealth
 - Level 10.2 Unarmed Combat
 - Level 1.7 Spellcasting
 - Level 0.7 Conjurations
 - Level 2.4 Fire Magic
 + Level 3.4 Invocations


You had 7 spell levels left.
You knew the following spells:

 Your Spells              Type           Power      Damage    Failure   Level
a - Foxfire               Conj/Fire      16%        2x1d4     17%         1
b - Scorch                Fire           10%        2d6       19%         2

Your spell library contained the following spells:

 Spells                   Type           Power      Damage    Failure   Level
 Conjure Flame            Conj/Fire      4%         6-21      45%         3
 Inner Flame              Hex/Fire       3%         N/A       52%         3
 Dazzling Flash           Conj/Hex       2%         N/A       63%         3
 Gell's Gravitas          Tloc           0%         N/A       67%         3
 Teleport Other           Tloc           0%         N/A       67%         3
 Flame Wave               Conj/Fire      4%         2d5       86%         4
 Agony                    Necr           0%         N/A       100%        5
 Silence                  Hex/Air        0%         N/A       100%        5
 Dispersal                Tloc           0%         N/A       100%        6


Dungeon Overview and Level Annotations

Branches:
Dungeon (7/15)             Temple (1/1) D:4

Altars:
Ashenzari
Gozag
Hepliaklqana
Makhleb
Nemelex Xobeh
Okawaru
Uskayaw
Xom
Zin

Shops:
D:2 ?

Annotations:
D:3 1 runed translucent door, gruber's ghost, amateur DjWz
D:6 Duvessa; Edmund


Innate Abilities, Weirdness & Mutations

You are immune to poison.
You have sharp fingernails.
Your flesh is cold resistant. (rC+)
You are immune to negative energy. (rN+++)
You do not regenerate when monsters are visible.
You are immune to unholy pain and torment.
You thrive by killing the living.


Message History

The killer bee barely misses you.
Casting: Scorch (safe; 19% risk of failure)
Confirm with . or Enter, or press ? or * to list all spells.
You miscast Scorch.
You are very lightly contaminated with residual magic.
Nothing appears to happen.
The killer bee closely misses you. The killer bee barely misses you.
Casting: Scorch (safe; 19% risk of failure)
Confirm with . or Enter, or press ? or * to list all spells.
You miscast Scorch.
Nothing appears to happen.
The killer bee stings you but does no damage.
The killer bee barely misses you.
Casting: Scorch (safe; 19% risk of failure)
Confirm with . or Enter, or press ? or * to list all spells.
You don't have enough magic to cast this spell.
You miss the killer bee.
The killer bee is severely wounded.
The killer bee misses you.
You barely miss the killer bee.
The killer bee is severely wounded.
The killer bee barely misses you. x2
You scratch the killer bee.
You kill the killer bee!
Makhleb accepts your kill.
You feel better.
You barely miss the killer bee. The killer bee barely misses you.
The killer bee stings you.
* * * LOW HITPOINT WARNING * * *
You feel yourself speed up. The killer bee stings you.
* * * LOW HITPOINT WARNING * * *
The killer bee completely misses you.
You closely miss the killer bee. The killer bee barely misses you.
You closely miss the killer bee. The killer bee stings you.
* * * LOW HITPOINT WARNING * * *
Casting: Scorch (safe; 19% risk of failure)
Confirm with . or Enter, or press ? or * to list all spells.
You miscast Scorch.
Nothing appears to happen.
The killer bee stings you.
* * * LOW HITPOINT WARNING * * *
The killer bee stings you!
You die...

.##................##
####................##
## #..............##.##
.###.##..........##...#
#...<###........##..###
#.##..##........##.#.#
..###.....).......####
.## ##....#.......# .#
#...###.###@.# ## ##.##
#..>y#.## #.#
##..####.# #.###.###
#.## ####.## ##.# #.#
#..### ### ###..# ####


You could see a killer bee.

Vanquished Creatures
  Menkaure (D:4)
  An orc warrior (D:6)
  A sky beast (D:6)
  An ogre (D:3)
  A centaur (D:6)
  3 phantoms
  A scorpion (D:4)
  A wight (D:6)
  2 killer bees (D:6)
  2 hounds (D:5)
  An orc priest (D:5)
  A gnoll shaman (D:6)
  Terence (D:4)
  3 iguanas (D:6)
  4 orc wizards
  4 gnolls (D:6)
  4 adders
  A shadow imp (D:6)
  An ufetubus (D:6)
  2 worms
  A dart slug (D:1)
  10 orcs
  7 endoplasms
  3 giant cockroaches
  5 hobgoblins
  3 jackals (D:4)
  2 quokkas
  5 ball pythons
  6 bats
  7 frilled lizards
  9 goblins
  10 kobolds
  A rat (D:2)
105 creatures vanquished.

Vanquished Creatures (others)
  11 foxfires (D:1)
  4 withered plants (D:1)
15 creatures vanquished.

Grand Total: 120 creatures vanquished

Notes
Turn   | Place    | Note
-------+----------+-------------------------------------------
     0 | D:1      | Argons the Ghoul Fire Elementalist began the quest for the
                  | Orb.
     0 | D:1      | Reached XP level 1. HP: 14/14 MP: 2/2
   142 | D:1      | Reached skill level 1 in Fighting
   142 | D:1      | Reached skill level 1 in Unarmed Combat
   153 | D:1      | Reached XP level 2. HP: 23/23 MP: 1/3
   184 | D:1      | Learned a level 2 spell: Scorch
   237 | D:1      | Found a faded altar of an unknown god.
   864 | D:1      | Reached XP level 3. HP: 29/29 MP: 1/4
  1170 | D:1      | Reached skill level 2 in Unarmed Combat
  1423 | D:2      | Found Bausec's Magic Scroll Boutique.
  2505 | D:2      | Reached skill level 3 in Unarmed Combat
  2505 | D:2      | Reached XP level 4. HP: 36/36 MP: 0/5
  2678 | D:2      | Bought a scroll of teleportation for 42 gold pieces
  3146 | D:3      | Found a runed translucent door.
  3146 | D:3      | Noticed gruber's ghost (amateur DjWz)
  3523 | D:4      | Noticed Menkaure
  3528 | D:4      | Killed Menkaure
  3529 | D:4      | Reached skill level 5 in Unarmed Combat
  3529 | D:4      | Reached XP level 5. HP: 41/41 MP: 1/6
  3602 | D:4      | Found a staircase to the Ecumenical Temple.
  3611 | Temple   | Entered the Ecumenical Temple
  3618 | Temple   | Became a worshipper of Makhleb the Destroyer
  3947 | D:4      | Reached skill level 6 in Unarmed Combat
  3947 | D:4      | Reached XP level 6. HP: 48/48 MP: 2/7
  4032 | D:3      | Noticed Terence
  4522 | D:4      | Found the +4 dagger "Morg" {pain, Will+ Int+5}
  4747 | D:5      | Entered Level 5 of the Dungeon
  4766 | D:5      | Reached skill level 7 in Unarmed Combat
  4766 | D:5      | Reached XP level 7. HP: 39/55 MP: 0/8
  5023 | D:5      | Identified the +2 robe "Gostoca" {Harm Will+ rCorr}
  5711 | D:4      | Killed Terence
  5712 | D:4      | Reached skill level 8 in Unarmed Combat
  6296 | D:2      | Bought a scroll of identify for 28 gold pieces
  6296 | D:2      | Bought a scroll of identify for 28 gold pieces
  6296 | D:2      | Bought a scroll of enchant armour for 105 gold pieces
  6465 | D:6      | Reached skill level 9 in Unarmed Combat
  6478 | D:6      | Reached XP level 8. HP: 15/61 MP: 6/9
  6889 | D:6      | Noticed Edmund
  7562 | D:6      | Reached skill level 1 in Invocations
  7835 | D:6      | Reached skill level 10 in Unarmed Combat
  8128 | D:6      | Noticed Duvessa
  8283 | D:6      | Noticed a wraith
  8494 | D:6      | HP: 3/61 [killer bee (5)]
  8494 | D:6      | Mangled by a killer bee

Illustrated notes

Levels and vault maps discovered:
D:1:      dpeg_arrival_tiny_a, layout_loops_cross,
          ebering_ecumenical_altar_petrified, minmay_misc_feat_iff,
          skrybe_limestone_x, amcnicky_mini_rare_corridor_liquid,
          chequers_serial_rivers_marsh
D:2:      layout_loops_corners, serial_shops, nicolae_shop_crystal,
          chequers_serial_rivers_marsh
D:3:      layout_basic, gammafunk_ghost_grave, uniq_terence
D:4:      layout_gridville, minmay_temple_entry_arrows, serial_glass,
          glass_columns_b, glass_columns_b, glass_columns_a, glass_columns_b,
          glass_columns_a, glass_columns_a, glass_columns_b, glass_columns_b,
          uniq_menkaure
D:5:      layout_loops_ring, serial_rivers, chequers_serial_rivers_room_b,
          chequers_serial_rivers_marsh, chequers_serial_rivers_micro_b,
          chequers_serial_rivers_micro_b, chequers_serial_rivers_large_a,
          chequers_serial_rivers_micro_c
D:6:      layout_layer_cave, nicolae_fountain_basement, uniq_duvessa,
          uniq_edmund
D:7:      layout_rooms, chequers_ossuary_entry_cave,
          hellmonk_guarded_unrand_night
Temple:   compressed_dpeg_triangle_lava_temple

Skill      XL: |  1  2  3  4  5  6  7  8 |
---------------+-------------------------+-----
Fighting       | 1 2 |  2.2
Unarmed Combat | 1 3 5 6 7 9 10 | 10.2
Invocations    | 3 |  3.4
Dodging        | |  1.7
Stealth        | |  2.1
Spellcasting   | |  1.7
Conjurations   | |  0.7
Fire Magic     | |  2.4

Action                   |  1- 3 |  4- 6 |  7- 9 || total
-------------------------+-------+-------+-------++-------
Melee: Unarmed           |    83 |    74 |   137 ||   294
       Punch             |       |     2 |     8 ||    10
Throw: Dart              |       |     1 |     3 ||     4
 Cast: Foxfire           |     7 |       |       ||     7
       Scorch            |    34 |    29 |    40 ||   103
  Use: Scroll            |     5 |     5 |     4 ||    14
       Potion            |       |       |     2 ||     2
Armor: Robe              |    20 |    13 |    24 ||    57
Dodge: Dodged            |    45 |    31 |   106 ||   182

Table legend: (Time is in decaauts)
 A = Elapsed time spent in this place.
 B = Non-inter-level travel time spent in this place.
 C = Inter-level travel time spent in this place.
 D = Time resting spent in this place.
 E = Time spent auto-exploring this place.
 F = Levels seen in this place.
 G = Mean time per level.
                   A        B        C        D        E       F      G
               +--------+--------+--------+--------+--------+-----+--------+
         Total |   8490 |   7870 |    620 |   3101 |    561 |   8 | 1061.2 |
       Dungeon |   8193 |   7591 |    602 |   3101 |    295 |   7 | 1170.4 |
        Temple |    296 |    278 |     18 |      0 |    266 |   1 |  296.0 |
               +--------+--------+--------+--------+--------+-----+--------+

Top non-repeatable levels by time:
     D:6: 1981 daAuts
     D:2: 1435 daAuts
     D:1: 1374 daAuts
     D:4: 1266 daAuts
     D:3: 1086 daAuts
     D:5: 1037 daAuts
  Temple: 296 daAuts
     D:7: 11 daAuts
